 Dungeon Crawl Stone Soup version 0.28.0-43-g3370ac3207 (webtiles) character file.

Game seed: 9976659054588074298

197871 MirrMurr the Warrior (level 17, 0/220 HPs)
             Began as a Demonspawn Berserker on Mar 1, 2022.
             Was a High Priest of Trog.
             Succumbed to a guardian serpent's bolt of poison
             ... on level 3 of the Snake Pit on Mar 3, 2022.
             The game lasted 01:33:19 (41184 turns).

MirrMurr the Warrior (Demonspawn Berserker)        Turns: 41184, Time: 01:33:19

Health: 0/220      AC: 47    Str: 25    XL:     17   Next: 79%
Magic:  17/17      EV: 14    Int: 14    God:    Trog [*****.]
Gold:   1251       SH: 11    Dex: 11    Spells: 16/16 levels left

rFire   + + +      SeeInvis .   a - +9 demon trident of Change {drain, rF++ rCorr Dex-5 Stlth+}
rCold   . . .      Faith    .   I - +0 kite shield
rNeg    + . .      Spirit   .   P - +10 plate armour of the Foremost Wonders {rN+ Slay+6}
rPois   .          Reflect  .   (helmet restricted)
rElec   .          Harm     .   y - +2 cloak
rCorr   +          Rampage  .   A - +2 pair of gloves
Will    +++..                   q - +1 pair of boots {Fly}
Stlth   ..........              p - amulet "Etipn" {rF+ Regen+ Str+3 Int+5}
HPRegen 1.26/turn               L - +4 ring of evasion
MPRegen 0.15/turn               S - ring of Ulefen {Will+ rCorr Slay+3}

@: berserking, lethally poisoned (0 -> -26), sanguine armoured, flying, very
quick
A: horns 2, icemail 1, powered by pain 2, sanguine armour 3, condensation
shield, demonic willpower
}: 1/15 runes: barnacled
a: Renounce Religion, Berserk, Trog's Hand, Brothers in Arms


You were on level 3 of the Snake Pit.
You worshipped Trog.
Trog was extremely pleased with you.
You visited 5 branches of the dungeon, and saw 30 of its levels.
You visited the Abyss 1 time.
You visited 1 bazaar.

You collected 3288 gold pieces.
You spent 2037 gold pieces at shops.

Inventory:

Hand Weapons
 a - the +9 demon trident of Change (weapon) {drain, rF++ rCorr Dex-5 Stlth+}
   (You acquired it on level 4 of the Lair of Beasts)

   A truly terrible weapon, it drains the life of any living foe it strikes.
   Dex:       It affects your dexterity (-5).
   rF:        It greatly protects you from fire.
   rCorr:     It protects you from acid and corrosion.
   Stlth:     It makes you more stealthy.
 b - a +2 vorpal hunting sling
Missiles
 d - 789 stones (quivered)
 g - 53 boomerangs
 k - 369 sling bullets
 n - 51 poisoned darts
 H - 16 throwing nets
 R - 5 curare-tipped darts
 U - 4 javelins
 X - 7 silver javelins
Armour
 q - a +1 pair of boots of flying (worn)
 y - a +2 cloak (worn)
 A - a +2 pair of gloves (worn)
 E - a scarf of invisibility
 I - a +0 kite shield (worn)
 P - the +10 plate armour of the Foremost Wonders (worn) {rN+ Slay+6}
   (You found it on level 6 of the Lair of Beasts)

   Slay:      It affects your accuracy & damage with ranged weapons and melee
   (+6).
   rN:        It protects you from negative energy.
Jewellery
 p - the amulet "Etipn" (around neck) {rF+ Regen+ Str+3 Int+5}
   (You found it on level 4 of the Shoals)

   [amulet of regeneration]

   Str:       It affects your strength (+3).
   Int:       It affects your intelligence (+5).
   rF:        It protects you from fire.
   Regen:     It increases your rate of health regeneration.
 F - a ring of ice
 G - a ring of protection from fire
 L - a +4 ring of evasion (left hand)
 M - a ring of see invisible
 S - the ring of Ulefen (right hand) {Will+ rCorr Slay+3}
   (You bought it in a shop on level 2 of the Orcish Mines)

   [ring of resist corrosion]

   Slay:      It affects your accuracy & damage with ranged weapons and melee
   (+3).
   rCorr:     It protects you from acid and corrosion.
   Will:      It increases your willpower.
 V - the ring of Wishful Thinking {rPois Will++ Slay+3}
   (You found it on level 4 of the Shoals)

   [ring of poison resistance]

   Slay:      It affects your accuracy & damage with ranged weapons and melee
   (+3).
   rPois:     It protects you from poison.
   Will:      It greatly increases your willpower.
Wands
 x - a wand of charming (11)
 C - a wand of acid (10)
 N - a wand of digging (9)
 O - a wand of flame (58)
 Q - a wand of iceblast (16)
 W - a wand of mindburst (4)
 Y - a wand of paralysis (14)
 Z - a wand of polymorph (13)
Scrolls
 c - 7 scrolls of teleportation
 f - 4 scrolls of immolation
 i - 4 scrolls of identify
 m - a scroll of blinking
 u - a scroll of magic mapping
 v - 5 scrolls of enchant weapon
 w - 9 scrolls of fear
 B - a scroll of brand weapon
 D - 3 scrolls of silence
 K - 6 scrolls of fog
 T - a scroll of summoning
Potions
 e - 2 potions of ambrosia
 h - 6 potions of flight
 j - 4 potions of haste
 l - 19 potions of curing
 o - 4 potions of mutation
 r - 5 potions of might
 s - 3 potions of invisibility
 t - a potion of cancellation
 z - 6 potions of heal wounds
 J - 2 potions of resistance


   Skills:
 * Level 17.1 Fighting
 - Level 14.0 Polearms
 + Level 8.6 Throwing
 + Level 13.2 Armour
 + Level 13.3 Dodging
 + Level 10.4 Shields


You had 16 spell levels left.
You didn't know any spells.
Your spell library was empty.

Dungeon Overview and Level Annotations

Branches:
Dungeon (15/15)            Temple (0/1) D:7            Lair (6/6) D:8
 Shoals (4/4) Lair:3        Snake (3/4) Lair:3        Slime (0/5) Lair:5
    Orc (2/2) D:9             Elf (0/3) Orc:2        Vaults (0/5) D:13
 Depths (0/4) D:15

Altars:
Ashenzari
Cheibriados
Dithmenos
Elyvilon
Fedhas
Gozag
Nemelex Xobeh
Okawaru
Sif Muna
Trog
Xom
Yredelemnul
Zin
The Shining One
Beogh

Shops:
D:3 ?(   D:5 *   D:15 (   Orc:1 [   Orc:2 ==([:   Shoals:1 *

Portals:
Trove: D:10 (give 6 scrolls of fear)

Annotations:
D:4 2 transporters, themadprophet's ghost, novice DrIE
D:8 1 runed translucent door
Snake:2 exclusion: upstairs


Innate Abilities, Weirdness & Mutations

You have a pair of horns on your head.
A meltable icy envelope protects you from harm. (AC +0)
You sometimes gain power by taking damage.
When seriously injured, your blood forms very thick armour. (AC +12)
A meltable shield of frost defends you. (SH +0)
You punish those that try to bend your will. (Will+)


Message History

* * * LOW HITPOINT WARNING * * *
The guardian serpent hits you.
* * * LOW HITPOINT WARNING * * *
You impale Aizul!! You drain Aizul.
Aizul is moderately wounded.
You feel very sick.
The guardian serpent hits you but does no damage.
Aizul hits you.
* * * LOW HITPOINT WARNING * * *
You puncture Aizul! You drain Aizul. Your headbutt misses Aizul.
Aizul is heavily wounded.
You feel very sick.
The guardian serpent barely misses you. x2
Unknown command.
You impale Aizul!! You drain Aizul. You headbutt Aizul!
Aizul is severely wounded.
You feel very sick. Aizul hits you but does no damage.
The guardian serpent hits you but does no damage.
Unknown command.
You impale Aizul!! You drain Aizul!
You kill Aizul!
Trog accepts your kill.
Trog appreciates your killing of a magic user.
You feel very sick.
The guardian serpent coils itself and waves its upper body at you.
The bolt of poison hits you!!
You are lethally poisoned!
* * * LOW HITPOINT WARNING * * *
The bolt of poison hits the guardian serpent.
* * * LOW HITPOINT WARNING * * *
You feel extremely sick.
The guardian serpent casts a spell at you.
The bolt of poison misses you.
Unknown command.
You impale the guardian serpent!! You drain the guardian serpent!
You kill the guardian serpent!
Trog accepts your kill.
Trog appreciates your killing of a magic user.
You die...

###############
#.............#
#.............#
#.............#
#............)#######(.
#............†S††.(((..
#............@#####....
#.............# .
####.............#
...'....^........#
#..#.............#
#..#.............#
.....#############
...### ####


You could see a guardian serpent.

Vanquished Creatures
  An ancient lich (Abyss:3)
  A shard shrike zombie (Abyss:3)
  4 krakens
  Kirke (Snake:1)
  2 nagarajas (Snake:3)
  Donald (Snake:1)
  An orc warlord (Orc:2)
  Aizul (Snake:3)
  2 very ugly things (Abyss:3)
  A stone giant (D:15)
  A yellow draconian (Abyss:3)
  10 merfolk impalers
  5 merfolk javelineers
  A fire dragon (D:14)
  8 vault guards (D:13)
  An ice dragon (D:14)
  A rakshasa (D:14)
  3 naga warriors
  6 boulder beetles
  A great orb of eyes (D:14)
  An alligator snapping turtle (Shoals:1)
  A catoblepas (Lair:6)
  15 hydras
  2 salamander tyrants
  6 merfolk avatars
  5 centaur warriors
  Erica (D:9)
  2 anacondas
  3 merfolk aquamancers
  4 two-headed ogres
  3 thrashing horrors (Abyss:3)
  A deep troll shaman (Lair:6)
  5 death yaks (Lair:6)
  5 orc high priests
  3 naga sharpshooters (Snake:2)
  4 shock serpents
  2 salamander mystics (Snake:2)
  11 sea snakes
  A shadow wraith (Abyss:3)
  A deep troll (D:14)
  A naga ritualist (Snake:2)
  A deep elf archer (D:14)
  A lindwurm (Lair:6)
  10 harpies
  6 orc knights
  2 orc sorcerers (Orc:2)
  5 mana vipers
  3 oklob plants
  A wolf spider (D:14)
  15 manticores
  12 salamanders
  8 cyclopes
  12 ugly things
  13 elephants
  18 fauns
  An ice statue (Lair:3)
  Maurice (D:8)
  3 guardian serpents (Snake:3)
  12 merfolk sirens
  16 black mambas
  5 naga magi
  10 water nymphs
  A torpor snail (Lair:5)
  14 cane toads
  Maggie (D:9)
  A gargoyle (D:14)
  A hellion (Abyss:3)
  A kobold demonologist (D:12)
  A tengu conjurer (D:14)
  4 rime drakes
  7 komodo dragons
  2 freezing wraiths
  An ancient zyme (Abyss:3)
  3 efreet
  45 merfolk
  A wind drake (shapeshifter) (D:14)
  5 trolls
  5 wind drakes
  6 polar bears
  A tarantella (shapeshifter) (D:15)
  3 blink frogs (Lair:5)
  5 slime creatures (D:13)
  8 snapping turtles
  18 dream sheep
  A vampire (D:10)
  3 centaur simulacra (D:12)
  2 wraiths
  A shadow (D:12)
  53 yaks
  3 wyverns
  9 water elementals
  A basilisk (shapeshifter) (D:14)
  6 basilisks
  A golden eye (Abyss:3)
  3 hogs (Snake:1)
  15 vampire mosquitoes
  2 steam dragons
  3 wargs (Orc:2)
  An acid dragon (D:10)
  13 nagas
  14 water moccasins
  38 orc warriors
  2 sky beasts
  2 hornet zombies
  4 black bears
  A meliai simulacrum (D:12)
  7 ice beasts
  7 ogres
  2 necrophages (D:6)
  5 boggarts (D:15)
  21 wolves
  A phantom (D:5)
  5 centaurs
  2 kobold brigands
  13 bullfrogs
  2 gnoll sergeants
  A scorpion (D:5)
  2 earth elementals (Abyss:3)
  2 water moccasin zombies (D:4)
  7 killer bees
  13 wights
  6 electric eels
  6 howler monkeys
  3 lava snakes (D:9)
  A bullfrog zombie (D:5)
  2 hounds
  4 jellies
  3 centaur zombies
  A bullfrog skeleton (D:7)
  36 orc priests
  4 iguanas
  20 orc wizards
  2 scorpion zombies (D:4)
  5 hell rats
  3 hound zombies (D:4)
  A hound skeleton (D:5)
  14 gnolls
  12 adders
  2 shadow imps
  5 white imps
  2 ufetubi
  3 adder zombies (D:4)
  2 adder skeletons (D:4)
  A worm (D:2)
  A dart slug (D:1)
  62 orcs
  8 ball pythons
  8 endoplasms
  4 goblins
  8 hobgoblins
  5 jackals (D:1)
  21 kobolds
  4 quokkas
  3 bats
  7 frilled lizards
  7 rats
  9 tentacles
971 creatures vanquished.

Vanquished Creatures (collateral kills)
  2 harpies (Shoals:4)
  2 fauns (Shoals:2)
  A merfolk (Shoals:4)
5 creatures vanquished.

Vanquished Creatures (others)
  2 guardian serpents (Snake:3)
  An orc wizard (D:9)
  A kobold (D:10)
  A bush (Lair:4)
  22 fungi
  A lurking horror (Abyss:3)
  65 plants
  42 tentacles
135 creatures vanquished.

Grand Total: 1111 creatures vanquished

Notes
Turn   | Place    | Note
-------+----------+-------------------------------------------
     0 | D:1      | MirrMurr the Demonspawn Berserker began the quest for the
                  | Orb.
     0 | D:1      | Reached XP level 1. HP: 18/18 MP: 1/1
   121 | D:1      | Found a faded altar of an unknown god.
   346 | D:1      | Gained mutation: When seriously injured, your blood forms
                  | armour. (AC +12) [demonic ancestry]
   346 | D:1      | Reached XP level 2. HP: 24/24 MP: 2/2
  1122 | D:1      | Reached XP level 3. HP: 18/29 MP: 3/3
  2141 | D:2      | Identified the +0 hunting sling "Qoenk" {freeze, +Blink
                  | Str+5 Dex-2}
  2235 | D:2      | Reached XP level 4. HP: 34/35 MP: 4/4
  2546 | D:3      | Found Uqucac's Magic Scroll Shoppe.
  2552 | D:3      | Bought a scroll of teleportation for 36 gold pieces
  2552 | D:3      | Bought a scroll of identify for 24 gold pieces
  2648 | D:3      | Noticed a bullfrog
  2662 | D:3      | Killed a bullfrog
  2663 | D:3      | Gained mutation: A meltable shield of frost defends you.
                  | (SH +0) [demonic ancestry]
  2663 | D:3      | Reached XP level 5. HP: 31/42 MP: 5/5
  3184 | D:3      | Reached ** piety under Trog
  3222 | D:3      | Found Vupim's Antique Weapon Shoppe.
  3461 | D:3      | Found a faded altar of an unknown god.
  3465 | D:3      | Found a shadowy altar of Dithmenos.
  3494 | D:3      | Reached skill level 4 in Fighting
  3761 | D:3      | Bought a trident for 73 gold pieces
  3794 | D:4      | Noticed a black bear
  3801 | D:3      | Killed a black bear
  3802 | D:3      | Gained mutation: You have a pair of small horns on your
                  | head. [demonic ancestry]
  3802 | D:3      | Reached XP level 6. HP: 48/48 MP: 6/6
  4021 | D:4      | Noticed a sky beast
  4043 | D:4      | Killed a sky beast
  4044 | D:4      | Reached skill level 5 in Polearms
  4232 | D:4      | Gained mutation: You sometimes gain a little power by
                  | taking damage. [demonic ancestry]
  4232 | D:4      | Reached XP level 7. HP: 55/55 MP: 7/7
  4371 | D:4      | Found a broken altar of Ashenzari.
  4375 | D:4      | Saw a vision of the Shoals and the Snake Pit.
  4375 | D:4      | Noticed a merfolk siren
  4375 | D:4      | Noticed a merfolk
  4375 | D:4      | Noticed a merfolk
  4375 | D:4      | Noticed a merfolk siren
  4375 | D:4      | Noticed a black mamba
  4375 | D:4      | Noticed a black mamba
  4375 | D:4      | Noticed an anaconda
  4375 | D:4      | Noticed an anaconda
  4375 | D:4      | Noticed a black mamba
  4375 | D:4      | Noticed a black mamba
  4378 | D:4      | Noticed a naga sharpshooter
  4513 | D:4      | Found a bloodstained altar of Trog.
  4690 | D:4      | Reached *** piety under Trog
  4980 | D:4      | Found a transporter.
  4983 | D:4      | Noticed themadprophet's ghost (novice DrIE)
  4996 | D:4      | Found a transporter.
  4998 | D:4      | Identified the +11 great mace of Dismay {vorpal, rN+ Int-2
                  | Dex+4 Stlth+}
  5317 | D:5      | Entered Level 5 of the Dungeon
  5378 | D:5      | Found Enkeudgh's Fire Supplies.
  5410 | D:5      | Reached skill level 5 in Fighting
  5472 | D:5      | Gained mutation: You have a pair of horns on your head.
                  | [demonic ancestry]
  5472 | D:5      | Reached XP level 8. HP: 38/62 MP: 8/8
  7617 | D:6      | Found a blossoming altar of Fedhas.
  7787 | D:6      | Reached skill level 5 in Armour
  7916 | D:6      | Reached skill level 6 in Fighting
  7916 | D:6      | Reached skill level 5 in Dodging
  8003 | D:6      | Gained mutation: When seriously injured, your blood forms
                  | thick armour. (AC +12) [demonic ancestry]
  8003 | D:6      | Reached XP level 9. HP: 37/69 MP: 9/9
  8999 | D:7      | Reached **** piety under Trog
  9399 | D:7      | Found a staircase to the Ecumenical Temple.
  9865 | D:8      | Found a staircase to the Lair.
  9955 | D:8      | Reached skill level 7 in Fighting
 10404 | D:8      | Gained mutation: When seriously injured, your blood forms
                  | very thick armour. (AC +12) [demonic ancestry]
 10404 | D:8      | Reached XP level 10. HP: 64/79 MP: 10/10
 10551 | D:8      | Noticed Maurice
 10584 | D:8      | Killed Maurice
 10660 | D:7      | Reached ***** piety under Trog
 11220 | D:8      | Found an opulent altar of Gozag.
 11344 | D:8      | Noticed a manticore
 11344 | D:8      | Noticed a manticore
 11344 | D:8      | Noticed a death knight
 11345 | D:8      | Found a runed translucent door.
 11347 | D:8      | Noticed a tengu warrior
 11347 | D:8      | Noticed a rakshasa
 11347 | D:8      | Noticed a purple ugly thing
 11470 | D:9      | Noticed Erica
 11801 | D:9      | Found an iron altar of Okawaru.
 12150 | D:9      | Killed Erica
 12315 | D:9      | Noticed Maggie
 12332 | D:9      | Killed Maggie
 12416 | D:9      | Reached skill level 8 in Fighting
 12426 | D:9      | Reached skill level 10 in Polearms
 12547 | D:9      | Found a staircase to the Orcish Mines.
 12737 | D:10     | Entered Level 10 of the Dungeon
 12811 | D:10     | Found a shimmering blue altar of Sif Muna.
 13121 | D:10     | Reached XP level 11. HP: 50/86 MP: 11/11
 13609 | D:10     | Noticed a two-headed ogre
 13621 | D:10     | Killed a two-headed ogre
 13810 | D:10     | Found a broken altar of Ashenzari.
 13812 | D:10     | Found a shimmering altar of Xom.
 13814 | D:10     | Found an iron altar of Okawaru.
 13814 | D:10     | Found a shimmering blue altar of Sif Muna.
 13814 | D:10     | Found a bloodstained altar of Trog.
 13908 | D:10     | Found a portal to a secret trove of treasure.
 14927 | D:10     | Found a snail-covered altar of Cheibriados.
 15058 | D:10     | Found a sparkling altar of Nemelex Xobeh.
 15301 | D:11     | Noticed a boulder beetle
 15348 | D:11     | Noticed a two-headed ogre
 15358 | D:11     | Killed a two-headed ogre
 15663 | D:11     | Received a gift from Trog
 15669 | D:11     | Reached skill level 9 in Fighting
 16275 | D:11     | Noticed a two-headed ogre
 16285 | D:11     | Killed a two-headed ogre
 16547 | D:11     | Killed a boulder beetle
 16932 | D:11     | Gained mutation: You sometimes gain power by taking damage.
                  | [demonic ancestry]
 16932 | D:11     | Reached XP level 12. HP: 79/96 MP: 12/12
 17178 | Lair:1   | Entered Level 1 of the Lair of Beasts
 17668 | Lair:1   | Reached skill level 1 in Shields
 18347 | Lair:2   | Identified the +4 rapier "Pattoa" {pain, rElec Will+}
 18537 | Lair:2   | Noticed an eight-headed hydra
 18551 | Lair:2   | Killed an eight-headed hydra
 19771 | Lair:3   | Found a staircase to the Snake Pit.
 20129 | Lair:3   | Reached skill level 10 in Fighting
 20535 | Lair:3   | Found a staircase to the Shoals.
 20992 | Lair:4   | Noticed a five-headed hydra
 21001 | Lair:4   | Killed a five-headed hydra
 21056 | Lair:4   | Noticed an eight-headed hydra
 21067 | Lair:4   | Killed an eight-headed hydra
 21478 | Lair:4   | Identified a scroll of acquirement
 21478 | Lair:4   | Acquired the +9 demon trident of Change {drain, rF++ rCorr
                  | Dex-5 Stlth+}
 21707 | Lair:4   | Noticed a five-headed hydra
 21714 | Lair:4   | Killed a five-headed hydra
 21793 | Lair:4   | Reached XP level 13. HP: 100/104 MP: 13/13
 21966 | Lair:4   | Acquired 527 gold pieces
 23081 | Lair:5   | Found a staircase to the Slime Pits.
 23340 | Lair:6   | Entered Level 6 of the Lair of Beasts
 23380 | Lair:5   | Reached skill level 5 in Shields
 23385 | Lair:5   | Reached skill level 11 in Fighting
 23504 | Lair:6   | Reached skill level 10 in Dodging
 23506 | Lair:6   | Reached skill level 10 in Armour
 23892 | Lair:6   | Reached XP level 14. HP: 111/113 MP: 14/14
 23943 | Lair:6   | Reached skill level 1 in Throwing
 24406 | Lair:6   | Identified the +1 ring mail of Wiphente {+Inv Regen+}
 24855 | Lair:6   | Identified the +9 lajatang of the Snake Pit {spect, rElec}
 24858 | Lair:6   | Identified the +10 plate armour of the Foremost Wonders
                  | {rN+ Slay+6}
 25254 | D:12     | Reached skill level 12 in Fighting
 25851 | D:12     | Identified the +4 quick blade of Himeve {vorpal, rN++ Dex+4
                  | Stlth-} (Trog gifted it to you on level 12 of the Dungeon)
 25851 | D:12     | Received a gift from Trog
 26332 | D:13     | Found a gate to the Vaults.
 27718 | D:14     | Reached skill level 13 in Fighting
 27751 | D:14     | Reached XP level 15. HP: 111/123 MP: 15/15
 27777 | D:14     | Received a gift from Trog
 28993 | D:15     | Entered Level 15 of the Dungeon
 29148 | D:15     | Found Huedd's Weapon Shop.
 29335 | D:15     | Found a staircase to the Depths.
 29494 | D:15     | Reached skill level 5 in Throwing
 29792 | Orc:1    | Entered Level 1 of the Orcish Mines
 29792 | Orc:1    | You are sucked into a shaft and drop 1 floor!
 29792 | Orc:2    | Entered Level 2 of the Orcish Mines
 29794 | Orc:2    | Found Laysipor's Book Boutique.
 29815 | Orc:2    | Found Soenlol's Jewellery Emporium.
 29894 | Orc:1    | Found Muoh Uhe's Antique Armour Shoppe.
 30155 | Orc:2    | Found a staircase to the Elven Halls.
 30957 | Orc:2    | Reached skill level 14 in Fighting
 31190 | Orc:2    | Received a gift from Trog
 31441 | Orc:2    | Found Jitukhuq's Antique Armour Boutique.
 31442 | Orc:2    | Found Fymaukh's Antique Weapon Shop.
 31442 | Orc:2    | Found Offaack's Jewellery Boutique.
 31452 | Orc:2    | Bought the ring of Ulefen {Will+ rCorr Slay+3} for 678 gold
                  | pieces
 31455 | Orc:2    | Bought a runed cloak for 247 gold pieces
 31511 | Orc:2    | Noticed an orc warlord
 31589 | Orc:2    | Killed an orc warlord
 32149 | Shoals:1 | Entered Level 1 of the Shoals
 32561 | Shoals:1 | Noticed a kraken
 32574 | Shoals:1 | Killed a kraken
 32612 | Shoals:1 | Noticed a kraken
 32855 | Shoals:1 | Found Innezi's General Store.
 32920 | Shoals:1 | Bought a scroll of teleportation for 36 gold pieces
 33128 | Shoals:1 | Gained mutation: A meltable icy envelope protects you from
                  | harm. (AC +0) [demonic ancestry]
 33128 | Shoals:1 | Reached XP level 16. HP: 125/134 MP: 16/16
 33244 | Shoals:1 | Killed a kraken
 33545 | Shoals:2 | Received a gift from Trog
 33773 | Shoals:2 | Reached skill level 15 in Fighting
 34881 | Shoals:3 | Received a gift from Trog
 35546 | Shoals:3 | Noticed a kraken
 35560 | Shoals:3 | Killed a kraken
 35865 | Shoals:4 | Entered Level 4 of the Shoals
 35865 | Shoals:4 | Found a flickering gateway to a bazaar.
 35907 | Bazaar   | Entered a bazaar
 35927 | Bazaar   | Found Ysegaz's Distillery.
 35947 | Bazaar   | Found Xielaof's Magic Scroll Shop.
 35980 | Bazaar   | Found Jegiff's Magic Scroll Shop.
 35991 | Bazaar   | Found Ryod's Distillery.
 35999 | Bazaar   | Bought a potion of haste for 110 gold pieces
 35999 | Bazaar   | Bought a potion of heal wounds for 55 gold pieces
 35999 | Bazaar   | Bought a potion of might for 44 gold pieces
 35999 | Bazaar   | Bought a potion of invisibility for 88 gold pieces
 35999 | Bazaar   | Bought a potion of might for 44 gold pieces
 36019 | Bazaar   | Bought a potion of curing for 21 gold pieces
 36019 | Bazaar   | Bought a potion of curing for 21 gold pieces
 36019 | Bazaar   | Bought a potion of might for 28 gold pieces
 36019 | Bazaar   | Bought a potion of heal wounds for 35 gold pieces
 36034 | Bazaar   | Bought a scroll of immolation for 42 gold pieces
 36034 | Bazaar   | Bought a scroll of fog for 24 gold pieces
 36034 | Bazaar   | Bought a scroll of fog for 24 gold pieces
 36034 | Bazaar   | Bought 2 scrolls of teleportation for 72 gold pieces
 36034 | Bazaar   | Bought a scroll of blinking for 90 gold pieces
 36062 | Bazaar   | Bought a scroll of magic mapping for 49 gold pieces
 36062 | Bazaar   | Bought a scroll of teleportation for 42 gold pieces
 36062 | Bazaar   | Bought a scroll of enchant weapon for 105 gold pieces
 36062 | Bazaar   | Bought a scroll of fear for 49 gold pieces
 36421 | Shoals:4 | Noticed a kraken
 36450 | Shoals:4 | Killed a kraken
 36566 | Shoals:4 | Identified the amulet "Etipn" {rF+ Regen+ Str+3 Int+5}
 36621 | Shoals:4 | Identified the ring of Intercession {+Blink rN+ Will- MP+9
                  | Stlth+}
 36704 | Shoals:4 | Reached skill level 16 in Fighting
 36735 | Shoals:4 | Gained mutation: You punish those that try to bend your
                  | will. (Will+) [demonic ancestry]
 36735 | Shoals:4 | Reached XP level 17. HP: 61/144 MP: 17/17
 36754 | Shoals:4 | Got a barnacled rune of Zot
 36994 | Shoals:4 | Received a gift from Trog
 37164 | Shoals:4 | Cast into level 3 of the Abyss (merfolk impaler)
 37315 | Abyss:3  | Found a corrupted altar of Lugonu.
 37378 | Abyss:3  | Noticed a bone dragon
 37769 | Abyss:3  | Noticed an ancient lich
 37778 | Abyss:3  | Killed an ancient lich
 37800 | Shoals:4 | Escaped the Abyss
 37894 | Shoals:4 | Identified the ring of Wishful Thinking {rPois Will++
                  | Slay+3}
 37987 | Shoals:4 | Identified the ring "Veutunem" {Fly rPois rN+ Str+2}
 38237 | Snake:1  | Entered Level 1 of the Snake Pit
 38243 | Snake:1  | Noticed Donald
 38251 | Snake:1  | Killed Donald
 39239 | Snake:1  | Noticed Kirke
 39246 | Snake:1  | Reached skill level 10 in Shields
 39262 | Snake:1  | Killed Kirke
 39622 | Snake:2  | Found a basalt altar of Yredelemnul.
 40884 | Snake:3  | Reached skill level 17 in Fighting
 41161 | Snake:3  | Received a gift from Trog
 41172 | Snake:3  | Noticed Aizul
 41182 | Snake:3  | Killed Aizul
 41182 | Snake:3  | HP: 10/220 [guardian serpent/bolt of poison (19)]
 41183 | Snake:3  | HP: 3/220 [poisoned by a guardian serpent (bolt of poison)]
 41184 | Snake:3  | Succumbed to a guardian serpent's bolt of poison

Illustrated notes

Levels and vault maps discovered:
D:1:      amcnicky_arrival_abandoned_market, layout_basic,
          dreamdust_ecumenical_altar_statues, minivault_4,
          kennysheep_crisscross, chequers_serial_rivers_micro_b
D:2:      layout_rooms
D:3:      layout_basic, nicolae_overflow_ecumenical_swirl, serial_shops,
          nicolae_shop_hallway_stairs, shop_statue
D:4:      layout_basic, lemuel_doored_altar, grunt_ashenzari_visionary
          [grunt_ashenzari_visionary_shoals, grunt_ashenzari_visionary_snake],
          serial_undead, serial_undead_f, serial_undead_a, serial_undead_a,
          serial_undead_f, gammafunk_ghost_smash, kennysheep_generic_room_13
D:5:      layout_layer_cave, grunt_ministairs_9, nicolae_shop_fire_sale
          [nicolae_sub_dead_trees]
D:6:      layout_gridville, mainiacjoe_overflow_brackets,
          nicolae_underground_beach
D:7:      hellmonk_crumbling_castle, layout_cave_pools, kennysheep_mini,
          minmay_temple_entry_tees
D:8:      minmay_gate_of_8, layout_rooms, mainiacjoe_overflow_24_doors,
          dpeg_oklobed_lair, uniq_maurice
D:9:      layout_big_octagon, okawaru_metal_pillars_1_2, uniq_maggie, uniq_erica
D:10:     layout_basic, doesnt_xom_only_xom, mainiacjoe_overflow_paths,
          nicolae_overflow_hidden_temple, nicolae_trove_entry_crossroad,
          minmay_misc_feat_ornament, corexii_checkpoint_b
D:11:     layout_irregular_city
D:12:     layout_roguey, serial_ice, serial_ice_f, serial_ice_g, serial_ice_e,
          serial_ice_l
D:13:     layout_stronghold, erik_vaults_2
D:14:     minmay_crescents, layout_layer_cave, minmay_holes, elyvilon_altar_3
D:15:     grunt_enter_depths_giant_problem, layout_loops_ring,
          grunt_decor_one_mirror, serial_shops, nicolae_shop_trees
Lair:1:   layout_regular_city, serial_bayou_shore_b
Lair:2:   layout_chaotic_city
Lair:3:   layout_loops_ring, elwin_shoals_entry_stream,
          minmay_snake_entry_guardpost_small, minmay_stone_trees_small,
          serial_bayou_pond_c, ice2_lemuel
Lair:4:   layout_cave_pods, grunt_megastairs_1
Lair:5:   layout_roguey, minmay_slime_entry_oklob_open, st_stairs_3,
          beast_lair_carwin_5
Lair:6:   grunt_lair_end_beastmaster, layout_cave_pods, minivault_26,
          infiniplex_staircase_pool, serial_bayou_shore_a, lemuel_fruit_fields
Shoals:1: layout_shoals, serial_shops, nicolae_shop_trees,
          nicolae_shoals_this_corrosion
Shoals:2: layout_shoals, nicolae_shoals_lost_giant_pillars
Shoals:3: layout_shoals, nicolae_shoals_lost_giant_temple
Shoals:4: shoals_end_hangedman, layout_shoals, serial_shops, bzr_entry_islet
Snake:1:  nicolae_snake_attic_fulla_snakes, layout_basic, uniq_kirke,
          uniq_donald
Snake:2:  layout_basic, basic_altar, grunt_megastairs_2
Snake:3:  nicolae_aizul_guard, layout_basic, special_room
Orc:1:    layout_diamond_mine, serial_shops, nicolae_shop_stone
Orc:2:    st_orc_pillars, layout_caves, serial_shops, shop, mines1_david

Skill      XL: |  1  2  3  4  5  6  7  8  9 10 11 12 13 14 15 16 17 |
---------------+----------------------------------------------------+-----
Polearms       | 3 4 5 7 8 10 11 13 14 | 14.0
Armour         | 2 3 4 5 6 7 8 9 10 11 12 13 | 13.2
Dodging        | 2 3 4 5 6 7 8 9 10 11 12 13 | 13.3
Fighting       | 4 5 6 7 8 9 10 11 13 14 16 17 | 17.1
Shields        | 3 5 7 8 9 10 | 10.4
Throwing       | 4 6 7 8 |  8.6

Action                   |  1- 3 |  4- 6 |  7- 9 | 10-12 | 13-15 | 16-18 || total
-------------------------+-------+-------+-------+-------+-------+-------++-------
Melee: Spear             |   155 |    34 |       |       |       |       ||   189
       Punch             |     1 |       |     6 |    14 |       |       ||    21
       Trident           |       |    53 |   364 |   887 |       |       ||  1304
       Headbutt          |       |     8 |    62 |   223 |   223 |   140 ||   656
       Hunting sling     |       |       |       |     1 |       |       ||     1
       Demon trident     |       |       |       |    25 |  1204 |   834 ||  2063
 Fire: Hunting sling     |       |    77 |   159 |   154 |   149 |   145 ||   684
Throw: Stone             |    42 |     4 |       |       |    59 |    24 ||   129
       Dart              |       |       |       |     4 |       |       ||     4
Invok: Berserk           |     2 |     4 |     1 |    13 |     2 |     2 ||    24
       Trog's Hand       |       |       |       |    10 |     5 |     3 ||    18
       Brothers in Arms  |       |       |       |       |       |     3 ||     3
  Use: Scroll            |     4 |     6 |     6 |    14 |     9 |     3 ||    42
       Potion            |       |     1 |       |       |     1 |       ||     2
Armor: Animal skin       |    11 |       |       |       |       |       ||    11
       Chain mail        |    15 |    74 |   145 |       |       |       ||   234
       Plate armour      |       |       |       |   137 |   267 |   397 ||   801
       Crystal plate arm |       |       |       |   349 |   275 |       ||   624
       Steam dragon scal |       |       |       |    12 |       |       ||    12
Dodge: Dodged            |    67 |    59 |   142 |   262 |   341 |   353 ||  1224
Block: Other             |       |    10 |    54 |    58 |       |       ||   122
       Buckler           |       |       |       |    82 |       |       ||    82
       Kite shield       |       |       |       |    59 |   568 |   546 ||  1173
